[Event "*** Titled Tuesday Blitz"]
[Site "Chess.com"]
[Date "2020.11.10"]
[Round "3"]
[White "GM4life"]
[Black "mamonika"]
[Result "1/2-1/2"]
[WhiteElo "2260"]
[BlackElo "2007"]
[TimeControl "180+1"]
[EndTime "10:33:39 PST"]
[Termination "Game drawn by stalemate"]

1. e4 e5 2. Nf3 Nc6 3. Bb5 a6 4. Ba4 g6 5. O-O d6 6. c3 Bg7 7. d4 Bd7 8. h3 h6 9. Re1 Nge7 10. d5 Nb8 11. c4 O-O 12. Nc3 Bxa4 13. Nxa4 Nd7 14. Be3 f5 15. Qd3 Nf6 16. Nc3 Qd7 17.
b4 g5 18. exf5 Nxf5 19. Ne4 Rae8 20. Rad1 Nh5 21. c5 Nxe3 22. Qxe3 Rf4 23. Nh2 Ref8 24. cxd6 cxd6 25. Qb6 Qf5 26. Nxd6 Qf6 27. f3 Rd8 28. Qxb7 Qxd6 29. Ng4 Rxb4 30. Qc6 Rb6 31. Qc4 Nf4 32. Ne3 Rb4 33. Qc6 Rd4 34. Nf5 Qxc6 35. Ne7+ Kf7 36. Nxc6 Rxd1 37. Nxd8+ Ke8 38. Rxd1 Kxd8 39. Kf2 Kd7 40.
g3 Nxh3+ 41. Ke3 Kd6 42. Rh1 g4 43. fxg4 Ng5 44. Rd1 Bf6 45. a3 e4 46. a4 Be5 47.
Rb1 Kxd5 48. Rb6 Bd6 49. Rxa6 Bc5+ 50. Kf4 Ne6+ 51. Kf5 Nd4+ 52. Kf4 Ne2+ 53. Kf5 Nxg3+ 54. Kg6 e3 55. Kxh6 e2 56. g5 e1=Q 57. g6 Qh1+ 58. Kg7 Nf5+ 59. Kf7 Qh6 60. Kf6 Nd6 61. Ra5 Kc6 62.
Ke6 Qxg6+ 63. Ke5 Qe8+ 64. Kf6 Qf7+ 65. Ke5 Qd5+ 66. Kf6 Bd4+ 67. Kg6 Qe6+ 68. Kh5 Qf5+ 69.
Rxf5 Nxf5 70. Kg5 Nd6 71. Kf4 Bb6 72. Kf3 Nb7 73. Ke2 Kc5 74. Kd3 Kd5 75. Kc3 Ba5+ 76. Kb3 Nc5+ 77. Ka3 Kc4 78. Kb2 Kd3 79. Ka2 Kc2 80.
Ka3 Nd3 81. Ka2 Nb4+ 82. Ka3 Na6 83. Ka2 Bb4 84. Ka1 Nc5 85. Ka2 Nxa4 86. Ka1 Nb6 87. Ka2 Nd5 88. Ka1 Bd6 89. Ka2 Bc5 90. Ka1 Kb3 91. Kb1 Be3 92. Ka1 Nb4 93. Kb1 Nc2 1/2-1/2

[Event "*** Titled Tuesday Blitz"]
[Site "Chess.com"]
[Date "2020.11.10"]
[Round "3"]
[White "Love_craft"]
[Black "yourstrulyme"]
[Result "0-1"]
[WhiteElo "2593"]
[BlackElo "2413"]
[TimeControl "180+1"]
[EndTime "10:33:41 PST"]
[Termination "yourstrulyme won by checkmate"]

1. Nf3 Nf6 2. g3 e6 3. Bg2 d5 4.
O-O Be7 5. d3 O-O 6. Nbd2 b6 7. e4 Bb7 8. e5 Nfd7 9. Re1 c5 10.
h4 Nc6 11. Nf1 Qc7 12. Bf4 Rfc8 13. N1h2 Qd8 14. Qd2 b5 15. Ng4 a5 16. Bg5 b4 17. h5 Bxg5 18. Nxg5 h6 19. Nf3 Ne7 20. Nxh6+ gxh6 21. Qxh6 Qf8 22. Qg5+ Kh8 23. Bh3 Ng8 24. Qf4 Qg7 25. Ng5 Rf8 26. Kh2 Nh6 27. Re2 Nb6 28. c3 Ba6 29. Rd1 Rac8 30. g4 Rg8 31. Nf3 d4 32. c4 Bb7 33. g5 Nf5 34. Bxf5 exf5 35. Rg1 Rc6 36. Qxf5 Nc8 37. Nh4 Ne7 38. Qf4 Re6 39. g6 fxg6 40. h6 Qh7 41.
Qg5 Nf5 42. f4 Qxh6 43. Qxh6+ Nxh6 44. Rf2 Kh7 45. Nf3 Bxf3 46. Rxf3 Nf5 47. Rh3+ Kg7 48. Rh1 Rh8 49. Rxh8 Kxh8 50. Kg2+ Kg7 51. Kf3 Re8 52. Rg1 Re6 53. Ke4 Ne7 54. Rg2 Kf7 55. Rh2 Kg7 56.
Rg2 Rb6 57. b3 Rb8 58. Rh2 Rd8 59. Rg2 a4 60. bxa4 Ra8 61. Rh2 Rxa4 62. e6 Kf6 63. Rh7 Kxe6 64. Rh6 Kf6 65. Rh8 Rxa2 66. Rf8+ Kg7 67.
Rb8 Kf7 68. Rb7 Re2+ 69. Kf3 Re3+ 70. Kg4 Rxd3 71. Kg5 Re3 72. f5 gxf5 73. Kf4 Re4+ 74.
Kg5 d3 75. Rd7 Rd4 76. Rc7 d2 77. Rxc5 d1=Q 78. Kh6 Qd2+ 79. Kh7 Qh2# 0-1

[Event "*** Titled Tuesday Blitz"]
[Site "Chess.com"]
[Date "2020.11.10"]
[Round "3"]
[White "lolo9292"]
[Black "Bulldog167"]
[Result "1-0"]
[WhiteElo "2539"]
[BlackElo "2724"]
[TimeControl "180+1"]
[EndTime "10:33:45 PST"]
[Termination "lolo9292 won on time"]

1. Nf3 Nf6 2. c4 b6 3. g3 c5 4. Bg2 Bb7 5. b3 g6 6. Bb2 Bg7 7.
O-O O-O 8. d4 cxd4 9. Qxd4 d6 10. Rd1 Nbd7 11. Qc3 Rc8 12. Qe1 a6 13. Nc3 Ne4 14. Rac1 Nxc3 15. Bxc3 Bxc3 16. Rxc3 Nf6 17. Rcd3 Qc7 18. Qd2 Qb8 19. Qh6 Rc5 20. h3 b5 21.
cxb5 Bxf3 22. Rxf3 Qxb5 23. Re3 Re5 24. Rxe5 Qxe5 25.
Qd2 Rc8 26. Qd3 a5 27. e3 Qb2 28. Rd2 Qa1+ 29. Kh2 Rc3 30. Qd4 Rc1 31. Qxa1 Rxa1 32.
g4 Nd7 33. Kg3 Nc5 34. f3 Rb1 35. Kf2 a4 36. bxa4 Nxa4 37. Rc2 Nc5 38. Bf1 Kf8 39. Bc4 e6 40. Kg3 Ke7 41. h4 h6 42. g5 h5 43. Kg2 Kd7 44. f4 Kc6 45. a4 Ra1 46. Bb5+ Kd5 47. Rd2+ Ke4 48. Kf2 Rh1 49. Rxd6 Kf5 50. Rd4 Rxh4 51. a5 Ne4+ 52. Kg1 Nc3 53. Bf1 e5 54. fxe5 Rg4+ 55. Rxg4 hxg4 56. a6 Na4 57. a7 Nb6 58. Bg2 Kxg5 59. Kf2 Kf5 60. Bb7 Kxe5 61. Kg3 f5 62. Kh4 Kf6 63. Kg3 Ke5 64.
Kf2 f4 65. exf4+ Kxf4 66. Ke2 Kg3 67. Ke3 Kh2 68. Kd4 g3 69. Kc5 Nc8 70. Bxc8 g2 71.
a8=Q g1=Q+ 72. Kd6 Qg3+ 73. Ke7 Qf2 74. Qb8+ Qg3 75.
Qb2+ Qg2 76. Qh8+ Qh3 77. Qxh3+ 1-0

[Event "*** Titled Tuesday Blitz"]
[Site "Chess.com"]
[Date "2020.11.10"]
[Round "3"]
[White "kingofthenil"]
[Black "Salem-AR"]
[Result "0-1"]
[WhiteElo "2673"]
[BlackElo "2927"]
[TimeControl "180+1"]
[EndTime "10:33:46 PST"]
[Termination "Salem-AR won by resignation"]

1. e4 c6 2. c4 d5 3. cxd5 cxd5 4. exd5 Nf6 5. Nc3 Nxd5 6. Nf3 e6 7. d4 Bb4 8. Bd2 O-O 9. Bd3 Nc6 10. O-O Nf6 11. Bg5 h6 12. Bh4 Be7 13. Re1 Nh5 14. Bxe7 Nxe7 15. Qd2 b6 16. Be4 Rb8 17. d5 exd5 18.
Nxd5 Nxd5 19. Bxd5 Nf6 20. Bb3 Qxd2 21. Nxd2 Rb7 22.
Nc4 Rd8 23. Rad1 Rbd7 24. Rxd7 Rxd7 25. h3 Kf8 26. Ne3 Bb7 27. Rd1 Rc7 28. Nf5 Bc6 29. Rd8+ Be8 30. Nd6 Ke7 31. Nxe8 Nxe8 32. Rd3 Nd6 33.
Re3+ Kf8 34. Rd3 Ne4 35. g3 Nc5 36. Re3 Nxb3 37. Rxb3 Rc2 38. Kg2 g5 39. g4 Kg7 40.
Ra3 Rxb2 41. Rxa7 Kg6 42. a4 f6 43. Rb7 Rb4 44. Kg3 h5 45. gxh5+ Kxh5 46. Rb8 Kg6 47. Kg2 Kf5 48. Kg3 Rb3+ 49. f3 Rb4 50. Rb7 Ke5 51. Ra7 Rb3 52. a5 bxa5 53. Rxa5+ Ke6 54. Kg4 Rb4+ 55. Kg3 Kf7 56. Ra8 Kg7 57. Rc8 f5 58. Rc6 Kf7 59. Ra6 Rd4 60. Rc6 Rd2 61. Rb6 Rd4 62.
Kg2 f4 63. Ra6 Rd2+ 64. Kg1 Rc2 65. Rb6 Kg7 66. Ra6 Rc3 67. Kg2 Rb3 68. Kf2 Rb2+ 69.
Kg1 Kf7 70. Rc6 Ra2 71. Rb6 Rd2 72. Rc6 Rd3 73. Kg2 Ra3 74. Rb6 Rc3 75. Kf2 Kg7 76.
Kg2 Rc1 77. Kf2 Rh1 78. Kg2 Rd1 79. Kf2 Rd2+ 80. Kg1 Kf7 81. Ra6 Rd3 82. Kg2 Rb3 83. Kf2 Re3 84. Kg2 Re2+ 85. Kg1 Re6 86. Kg2 Rxa6 0-1

[Event "*** Titled Tuesday Blitz"]
[Site "Chess.com"]
[Date "2020.11.10"]
[Round "3"]
[White "Oneofmyturns"]
[Black "Gogolev_Artemy"]
[Result "0-1"]
[WhiteElo "2726"]
[BlackElo "2500"]
[TimeControl "180+1"]
[EndTime "10:33:53 PST"]
[Termination "Gogolev_Artemy won by resignation"]

1. d4 Nf6 2. c4 e6 3. Nc3 d5 4. cxd5 exd5 5. Bg5 c6 6. e3 h6 7. Bh4 Be7 8. Bd3 O-O 9. h3 Bd6 10. Nge2 Re8 11. Qc2 Nbd7 12. O-O-O b5 13. Kb1 Qb6 14.
g4 b4 15. Na4 Qa5 16. Qxc6 Rb8 17. Qxd6 Qxa4 18. g5 Rb6 19. Qg3 hxg5 20. Bxg5 Ba6 21.
Rhg1 Bxd3+ 22. Rxd3 Ne4 23. Qf4 Rc8 24. Rc1 Rxc1+ 25.
Nxc1 Rc6 26. Nb3 Qa6 27. Rd1 Qe2 28. Rg1 Qc2+ 29. Ka1 Nd2 30. Nxd2 Qxd2 31. Qf5 Rc1+ 32. Rxc1 Qxc1+ 33. Qb1 Qd2 34. Bh4 Nb6 35. b3 a5 36.
Qf1 Qc3+ 37. Kb1 a4 38. Qb5 a3 39. Qe2 Nd7 40. Be7 f6 41. Qc2 Qe1+ 42. Qc1 Qe2 43.
Bxb4 Qxf2 44. Bxa3 Qf5+ 45. Ka1 Nf8 46. Qh1 Ne6 47.
Bb2 Qd3 48. Qc1 Kf7 49. b4 Ke7 50. a3 Kd7 51. Ka2 Nc7 52. Qc5 Qxe3 53. a4 Qd3 54. b5 Qc4+ 55. Qxc4 dxc4 56. Ba3 Nd5 57. Kb2 Kc7 58.
Bf8 g5 59. a5 f5 60. Bc5 g4 61. a6 g3 62. a7 Kb7 63. Bd6 g2 64. Bh2 f4 65. h4 f3 66. Bg1 Nf4 67. d5 Ne2 68. Bf2 g1=Q 69. Bxg1 Nxg1 70. d6 f2 71. d7 f1=Q 72.
a8=Q+ Kxa8 73. d8=Q+ Kb7 74. Qd7+ Kb6 75. Qc6+ Ka5 76.
Qd5 Kb4 77. b6 Qe2+ 78. Kc1 Qe1+ 79. Kc2 Qc3+ 80. Kd1 Qf3+ 81. Kc1 Qxd5 82. b7 Qxb7 0-1

[Event "*** Titled Tuesday Blitz"]
[Site "Chess.com"]
[Date "2020.11.10"]
[Round "3"]
[White "Shushik"]
[Black "Tactictic"]
[Result "0-1"]
[WhiteElo "2236"]
[BlackElo "2422"]
[TimeControl "180+1"]
[EndTime "10:33:56 PST"]
[Termination "Tactictic won on time"]

1. e4 c5 2. Ne2 Nc6 3. g3 g6 4. Bg2 Bg7 5. c3 e5 6. O-O Nge7 7. d3 O-O 8. Be3 d6 9. f4 Be6 10. Nd2 f5 11. h3 Rc8 12. a4 b6 13. Nf3 d5 14. Ng5 Qd7 15. Nxe6 Qxe6 16. exd5 Nxd5 17. Bd2 exf4 18. Nxf4 Nxf4 19. Bxf4 Rfd8 20. Qc2 Qd7 21. Rad1 Ne5 22. Rfe1 Nxd3 23. Re3 c4 24. b3 Bf8 25. Kh2 Bc5 26. Re2 Qf7 27. Bg5 Rd7 28. bxc4 Nf2 29.
Rxd7 Qxd7 30. Rxf2 Bxf2 31. Qxf2 Rxc4 32. Qe3 Kf7 33.
Qe2 Qe6 34. Qd2 Rc5 35. Qd8 Re5 36. Qc7+ Kg8 37. Qb8+ Qe8 38. Qxa7 Re2 39. Qxb6 Qe4 40. Qd8+ Kf7 41. Qc7+ Ke6 42. Qe7+ Kd5 43. Qb7+ Kc4 44. Qb4+ Kd3 45. Qd6+ Kxc3 46. Bf6+ Kb3 47. Qb6+ Kxa4 48. Qa6+ Kb4 49. Qb6+ Kc4 50. Qa6+ Kb3 51. Qb5+ Kc2 52. Qc5+ Kd1 53. Qd6+ Ke1 54. Bc3+ Kf2 55. Qc5+ Qe3 56.
Bd4 f4 57. Bxe3+ fxe3 58. Qc4 Ke1 59. Qc3+ Kf2 60. Qc1 Re1 61. Qc2+ Re2 62. Qd3 Rd2 63. Qe4 Ke2 64. Bf3+ Kf2 65. Bg4 Kf1+ 66. Kh1 e2 67. Qf3+ Ke1 68. Qc3 Kd1 69. Kg2 Rc2 70. Qd3+ Kc1 71.
Bxe2 g5 72. Qe3+ Kb2 73. Kf2 Rc3 74. Qxg5 Rc2 75. Qh6 Rc3 76. Qxh7 Rb3 77. g4 Ka2 78. g5 Ka3 79. g6 Rb2 80. g7 Rb4 81. g8=Q Rf4+ 82.
Ke3 Rb4 0-1

[Event "*** Titled Tuesday Blitz"]
[Site "Chess.com"]
[Date "2020.11.10"]
[Round "3"]
[White "SlavenPastar"]
[Black "XDPS"]
[Result "0-1"]
[WhiteElo "2546"]
[BlackElo "2806"]
[TimeControl "180+1"]
[EndTime "10:33:58 PST"]
[Termination "XDPS won on time"]

1. d4 d5 2. c4 e6 3. Nc3 Nf6 4. Nf3 c6 5. Bf4 dxc4 6. a4 Nd5 7. Bd2 Nb4 8. e4 Nd3+ 9. Bxd3 cxd3 10. Be3 Be7 11. O-O O-O 12. Qxd3 b6 13. Rfd1 Nd7 14. a5 bxa5 15. d5 cxd5 16. exd5 Nb6 17. d6 Bf6 18. Qe4 Qd7 19. Rxa5 Bb7 20. Qg4 Rfc8 21. Bh6 Rc4 22. Qg3 Bxf3 23. gxf3 Kh8 24. Be3 Bxc3 25. bxc3 Nd5 26.
Raxd5 exd5 27. Rxd5 Rxc3 28. Bd4 Rc1+ 29. Kg2 f6 30.
Rh5 Qf7 31. Qh4 Qg6+ 32. Kh3 Rd8 33. Bc5 Rc3 34. Qg4 Qxg4+ 35. Kxg4 g6 36. Rd5 Kg7 37. Bxa7 Rc4+ 38. Kg3 Rd7 39. Bb6 Kf7 40. Rd3 g5 41.
Rd1 h5 42. h3 Ke6 43. Kg2 Rxd6 44. Re1+ Kf7 45. Be3 Re6 46. Ra1 Kg6 47. Ra7 Rc8 48. Rd7 Rce8 49. Rd3 R8e7 50. Rb3 Rd7 51. Ra3 Red6 52.
Rb3 Rd3 53. Rb8 Re7 54. Rg8+ Kf5 55. Rc8 Rb3 56. Rc5+ Kg6 57. Rc8 Rb2 58. Rg8+ Kf7 59. Bd4 Kxg8 60. Bxb2 Kf7 61. Bd4 Kg6 62. Be3 Kf5 63.
Kg3 Rd7 64. Kg2 Rg7 65. Kg3 Ke5 66. Kg2 f5 67. Bd2 Rg6 68. Be3 f4 69. Bd2 Kf5 70. Bc3 Rc6 71. Bd4 Rd6 72. Ba7 Rd3 73. Bc5 g4 74.
hxg4+ hxg4 75. fxg4+ Kxg4 76. Bb6 Rb3 77. Bc5 Rh3 78.
Bd4 Rh7 79. Bc5 f3+ 80. Kg1 Rc7 81. Be3 Rc2 82. Kh2 Re2 83. Bd4 Re4 84. Be3 Re6 85. Bd4 Rh6+ 86. Kg1 Rd6 87. Be3 Kh3 88. Bd2 Rxd2 0-1

[Event "*** Titled Tuesday Blitz"]
[Site "Chess.com"]
[Date "2020.11.10"]
[Round "3"]
[White "Kristina_Kim"]
[Black "fabianvivasz"]
[Result "0-1"]
[WhiteElo "2181"]
[BlackElo "2354"]
[TimeControl "180+1"]
[EndTime "10:34:20 PST"]
[Termination "fabianvivasz won by checkmate"]

1. d4 Nf6 2. c4 g6 3. Nc3 d5 4.
cxd5 Nxd5 5. e4 Nxc3 6. bxc3 Bg7 7. Nf3 c5 8. Rb1 O-O 9. Be3 Qa5 10. Qd2 a6 11. Be2 Nc6 12. O-O cxd4 13. Nxd4 Rd8 14.
Nxc6 bxc6 15. Qc2 Qxc3 16. Qa4 Be6 17. Rfc1 Qe5 18. Rc5 Qd6 19. Rxc6 Qd7 20. Rbc1 a5 21. h3 Qe8 22. Qc2 Bd7 23. Rc7 Ba4 24. Qc5 Bf8 25.
Qb6 Rdb8 26. Qc5 Qd8 27. Bf3 Ra6 28. Qc4 Bb5 29. Qc3 Bg7 30. Qd2 Rd6 31. Qc2 Bd3 32.
Qc3 Bxc3 33. R1xc3 Rdb6 34. Bxb6 Qd6 35. Rc8+ Rxc8 36.
Rxc8+ Kg7 37. Be3 f6 38. Rc1 Qe5 39. g3 Bxe4 40. Be2 Bd5 41. Bc4 Qc7 42. Bxd5 Qe5 43. Bb3 Qe4 44. Bc2 Qc4 45. Bd1 Qd3 46. Bb3 Qe2 47.
Bc4 Qb2 48. Kg2 Qa3 49. Bb3 a4 50. Be6 Qb4 51. Bc4 Qd6 52. Kg1 h5 53. h4 a3 54. Rc3 Qb4 55. Rc1 Qb2 56. Bb3 g5 57. Rc2 Qb1+ 58. Kg2 Qb2 59. Rc7 Qe5 60. Rc5 Qe4+ 61.
Kh2 gxh4 62. gxh4 Qxh4+ 63. Kg2 Qg4+ 64. Kf1 h4 65. Rc4 Qh3+ 66. Kg1 e5 67. Rc7+ Kg6 68.
Bc2+ f5 69. Rc6+ Kf7 70. Bb3+ Ke7 71. Bg5+ Kd7 72. Re6 Qg4+ 73. Kh2 Qxg5 74. Ra6 Qf4+ 75. Kg2 Qg4+ 76. Kf1 h3 77. Ra7+ Kc6 78. Rh7 Qf3 79. Rh6+ Kc5 80. Rh4 Qg2+ 81. Ke2 h2 82. Rc4+ Kb5 83.
Rh4 h1=Q 84. Bc4+ Kc5 85. Bd5 Qhh2 86. Rc4+ Kxd5 87. Ra4 Qe4+ 88. Kf1 Qxa4 89. Ke2 Qc2+ 90. Kf1 Qhxf2# 0-1

[Event "*** Titled Tuesday Blitz"]
[Site "Chess.com"]
[Date "2020.11.10"]
[Round "3"]
[White "DraG0s3L"]
[Black "yobdc"]
[Result "1/2-1/2"]
[WhiteElo "2584"]
[BlackElo "2400"]
[TimeControl "180+1"]
[EndTime "10:34:26 PST"]
[Termination "Game drawn - insufficient material"]

1. d4 Nf6 2. c4 e6 3. Nc3 Bb4 4. Qc2 d5 5. cxd5 Qxd5 6. Nf3 Qf5 7. Qxf5 exf5 8. Bd2 c6 9. e3 Be6 10. Bd3 Nbd7 11.
a3 Bd6 12. O-O O-O 13. Rac1 g6 14. Na4 Nd5 15. b4 Rfc8 16. Nc5 Nxc5 17. bxc5 Be7 18. Ne5 b5 19. cxb6 axb6 20. Nxc6 Bxa3 21. Rc2 Bd6 22. Rfc1 Kg7 23. f3 Ra3 24. Bf1 Nxe3 25. Bxe3 Rxe3 26.
Na7 Rxc2 27. Rxc2 Re1 28. Kf2 Rd1 29. Nb5 Bxh2 30. g3 f4 31. g4 Bg3+ 32. Kg2 Bb3 33. Rb2 Bd5 34. Be2 Rc1 35. Nd6 Rc6 36. Ne4 Be1 37. Bb5 Re6 38. Bd3 Ba5 39. Rb5 Bc6 40.
Rb2 f5 41. gxf5 gxf5 42. Ng5 Re3 43. Bc4 Kf6 44. d5 Bxd5 45. Nxh7+ Kg6 46. Bxd5 Kxh7 47. Rc2 Kg6 48. Rc6+ Kg5 49. Kh3 Re1 50. Bf7 Rh1+ 51. Kg2 Rh6 52. Rc8 Kf6 53. Bd5 Ke5 54. Bb7 Kd4 55. Ba6 Rg6+ 56. Kf2 Rh6 57. Rc4+ Kd5 58. Rxf4 Ke5 59. Rc4 Rh2+ 60. Ke3 Rb2 61. Rc8 Bd2+ 62. Kd3 Bf4 63. Re8+ Kd6 64. Bc4 Rf2 65. Rd8+ Kc6 66.
Bd5+ Kc5 67. Bb7 Bd6 68. Rc8+ Kb4 69. Kd4 f4 70. Ke4 Bc5 71. Kxf4 b5 72. Ke4 Kc4 73.
Bd5+ Kb4 74. f4 Re2+ 75. Kf3 Re1 76. f5 Rf1+ 77. Ke4 Bd6 78. Be6 Rf4+ 79. Kd5 Be7 80. Rc7 Bf6 81. Rf7 Ba1 82. Rb7 Rd4+ 83. Kc6 Rf4 84. Rxb5+ Kc3 85. Rb3+ Kd4 86. Rb4+ Ke5 87. Rb8 Rf2 88. Kd7 Kf6 89. Rf8+ Kg7 90. Rg8+ Kf6 91.
Rg6+ Ke5 92. Ke7 Bb2 93. Rg1 Ba3+ 94. Kf7 Rf4 95. Re1+ Kd6 96. Rd1+ Ke5 97. Rd5+ Ke4 98. Rb5 Rf2 99. f6 Bb2 100. Bd5+ Ke5 101. Bf3+ Kd6 102. Rb6+ Kc5 103. Rxb2 Rxb2 104. Kg8 Rf2 105. f7 Rxf3 106. f8=Q+ Rxf8+ 107. Kxf8 1/2-1/2

[Event "*** Titled Tuesday Blitz"]
[Site "Chess.com"]
[Date "2020.11.10"]
[Round "3"]
[White "alexrustemov"]
[Black "LyonBeast"]
[Result "1/2-1/2"]
[WhiteElo "2725"]
[BlackElo "3066"]
[TimeControl "180+1"]
[EndTime "10:34:42 PST"]
[Termination "Game drawn by stalemate"]

1. d4 Nf6 2. Nf3 g6 3. c4 Bg7 4. g3 O-O 5. Bg2 c5 6. O-O cxd4 7. Nxd4 d5 8. cxd5 Nxd5 9. Nc3 Nxc3 10. bxc3 Nd7 11.
Rb1 Nb6 12. Ba3 Qc7 13. Qb3 Re8 14. Nb5 Qc4 15. Rfd1 Bf5 16. Rbc1 Rad8 17. Qxc4 Rxd1+ 18. Rxd1 Nxc4 19. Bc5 b6 20. Nc7 Rc8 21. Bxe7 Bxc3 22. Nb5 Nb2 23. Rc1 Ba5 24. Rxc8+ Bxc8 25. Nxa7 Be6 26.
a3 Na4 27. Nc6 Bd2 28. e3 Nc5 29. Bd8 Nd7 30. Nd4 Bc4 31. Bc6 Ne5 32. Bxb6 Nxc6 33. Nxc6 Bb5 34. Ne7+ Kf8 35. Bc5 Ke8 36. Nd5 Kd7 37. Bb4 Bc1 38. Nf6+ Ke6 39. Nxh7 f6 40. Nf8+ Kf7 41. Kg2 Bc6+ 42. Kf1 Bb2 43. Ke2 Be5 44.
Kd3 Bb5+ 45. Kd2 Bc7 46. h4 Bc6 47. Kd3 Bb5+ 48. Kd4 Bb6+ 49. Kd5 Ba4 50. Kc4 Bc6 51.
g4 Bf3 52. h5 gxh5 53. gxh5 Bxh5 54. Nd7 Be2+ 55. Kd5 Bc7 56. Kc6 Bh2 57. Bd6 Bg1 58.
Bg3 Ke6 59. Nc5+ Kf5 60. a4 Kg4 61. a5 Kf3 62. a6 Bxa6 63. Nxa6 f5 64. Kd5 f4 65.
exf4 Bxf2 66. Bh2 Bg1 67. Bxg1 Kxf4 68. Bd4 Kf5 69. Nc5 Kf4 70. Be5+ Kf3 71. Ne4 Ke3 72. Bd4+ Kf3 73. Ke5 Kg4 74. Nd2 Kg5 75. Be3+ Kg4 76.
Bf4 Kh4 77. Ke4 Kg4 78. Nf3 Kh3 79. Ng5+ Kg4 80. Be3 Kg3 81. Ne6 Kg4 82. Bf4 Kh4 83. Kf3 Kh3 84. Nd4 Kh4 85. Ne2 Kh3 86. Ng1+ Kh4 87.
Be3 Kh5 88. Kf4 Kg6 89. Kg4 Kf6 90. Nf3 Ke6 91. Kf4 Kd5 92. Bd4 Ke6 93. Ke4 Kd6 94.
Be5+ Ke6 95. Nd4+ Kd7 96. Kf5 Kc8 97. Ke6 Kb7 98. Kd6 Kb6 99. Kd5 Kb7 100. Bd6 Kb6 101. Bc5+ Kb7 102. Nf5 Kc7 103. Nd6 Kb8 104. Bb6 Ka8 105. Kc6 Kb8 106. Bc5 Ka8 107. Nc4 Kb8 108. Bb6 Ka8 109.
Ne5 Kb8 110. Bc5 Ka8 111. Kc7 1/2-1/2

[Event "*** Titled Tuesday Blitz"]
[Site "Chess.com"]
[Date "2020.11.10"]
[Round "4"]
[White "orestn"]
[Black "Kopytkin"]
[Result "0-1"]
[WhiteElo "2249"]
[BlackElo "2441"]
[TimeControl "180+1"]
[EndTime "10:35:43 PST"]
[Termination "Kopytkin won by resignation"]

1. e4 Nf6 2. e5 Nd5 3. d4 d6 4. c4 Nb6 5. f4 dxe5 6. fxe5 c5 7. d5 e6 8. Nc3 exd5 9. cxd5 c4 10. Bxc4 Qh4+ 0-1

[Event "*** Titled Tuesday Blitz"]
[Site "Chess.com"]
[Date "2020.11.10"]
[Round "4"]
[White "BJthechessgod"]
[Black "Alohamora11"]
[Result "0-1"]
[WhiteElo "2304"]
[BlackElo "2468"]
[TimeControl "180+1"]
[EndTime "10:36:49 PST"]
[Termination "Alohamora11 won by resignation"]

1. e4 c5 2. Nf3 g6 3. d4 cxd4 4. Nxd4 Nc6 5. Nc3 Bg7 6. Be3 Nf6 7. Bc4 Qa5 8. f3 Qb4 9. Bb3 Nxe4 10. Nxc6 Bxc3+ 11. bxc3 Qxc3+ 12. Ke2 dxc6 13. fxe4 Bg4+ 14. Kf1 Bxd1 15. Rxd1 Qxe3 0-1

[Event "*** Titled Tuesday Blitz"]
[Site "Chess.com"]
[Date "2020.11.10"]
[Round "4"]
[White "politeplayer"]
[Black "DarZay"]
[Result "1-0"]
[WhiteElo "2237"]
[BlackElo "2059"]
[TimeControl "180+1"]
[EndTime "10:37:16 PST"]
[Termination "politeplayer won by resignation"]

1. e4 c5 2. c3 d6 3. d4 cxd4 4. cxd4 Nf6 5. Nc3 e5 6. dxe5 dxe5 7. Qxd8+ Kxd8 8. Bg5 Bb4 9. O-O-O+ Ke8 10. Bxf6 gxf6 11. Nd5 Be7 12. Nc7+ Kf8 13. Nxa8 Na6 14. Bxa6 bxa6 15.
Nc7 Bb7 16. Nd5 Bxd5 17. Rxd5 Kg7 18. Ne2 1-0

[Event "*** Titled Tuesday Blitz"]
[Site "Chess.com"]
[Date "2020.11.10"]
[Round "4"]
[White "Mikhal867"]
[Black "Ave_Mariia"]
[Result "0-1"]
[WhiteElo "2335"]
[BlackElo "2512"]
[TimeControl "180+1"]
[EndTime "10:37:56 PST"]
[Termination "Ave_Mariia won by resignation"]

1. e4 c5 2. Nf3 d6 3. d4 cxd4 4.
Nxd4 Nf6 5. Nc3 g6 6. Be3 Bg7 7. Bc4 Nc6 8. f3 O-O 9. Qd2 Bd7 10. O-O-O Rc8 11. Bb3 Nxd4 12. Bxd4 b5 13. Kb1 a5 14.
a4 bxa4 15. Bxa4 Rxc3 16. Bxd7 Rc4 17. Bb5 Nxe4 18. fxe4 Rxd4 19. Qe2 Rb4 20. b3 Qb6 21. Bc4 a4 0-1

[Event "*** Titled Tuesday Blitz"]
[Site "Chess.com"]
[Date "2020.11.10"]
[Round "4"]
[White "salomez"]
[Black "IMprovidence"]
[Result "1-0"]
[WhiteElo "2173"]
[BlackElo "2384"]
[TimeControl "180+1"]
[EndTime "10:38:13 PST"]
[Termination "salomez won by resignation"]

1. e4 c6 2. d4 d5 3. e5 c5 4. dxc5 e6 5. a3 Bxc5 6. b4 Bb6 7. Bb2 Ne7 8. Qg4 Kf8 9. Bd3 Nbc6 10. Nf3 a5 11. b5 Na7 12. a4 Bc5 13. Nbd2 Bd7 14. O-O Nac8 15. Nb3 Ba7 16. Ba3 Nb6 17. Nxa5 Bc8 18.
Nb3 Bd7 19. a5 Nc4 20. Bxc4 dxc4 21. Qxc4 Rc8 22. Qd3 Qe8 23. c4 Bb8 24. Rfd1 Rd8 25. Nc5 Kg8 26. Nxd7 1-0

[Event "*** Titled Tuesday Blitz"]
[Site "Chess.com"]
[Date "2020.11.10"]
[Round "4"]
[White "ShimanovAlex"]
[Black "dopolian"]
[Result "1-0"]
[WhiteElo "2812"]
[BlackElo "2368"]
[TimeControl "180+1"]
[EndTime "10:38:15 PST"]
[Termination "ShimanovAlex won by resignation"]

1. c4 Nf6 2. b4 g6 3. Bb2 Bg7 4. e3 O-O 5. Nf3 a5 6. b5 a4 7. a3 c5 8. Nc3 Qa5 9. Be2 Ne4 10.
Nxe4 Bxb2 11. Ra2 Bg7 12. Nxc5 b6 13. Nd3 Bb7 14. Nb4 e6 15. O-O Rc8 16. d4 d5 17.
cxd5 exd5 18. Ne5 Rd8 19. Rc2 Nd7 20. Nec6 1-0

[Event "*** Titled Tuesday Blitz"]
[Site "Chess.com"]
[Date "2020.11.10"]
[Round "4"]
[White "FMKonstantin_Twitch"]
[Black "lilleper1"]
[Result "0-1"]
[WhiteElo "2549"]
[BlackElo "2831"]
[TimeControl "180+1"]
[EndTime "10:38:24 PST"]
[Termination "lilleper1 won by resignation"]

1. e4 c5 2. Nf3 e6 3. d4 cxd4 4. Nxd4 Nc6 5. Nc3 Qc7 6. Be3 a6 7. Qf3 Nf6 8. O-O-O Ne5 9. Qg3 h5 10. f4 Neg4 11. e5 Nxe3 12. Qxe3 Ng4 13. Qf3 d6 14. exd6 Bxd6 15. g3 O-O 16. Kb1 Bd7 17. Bg2 Rac8 18. Ne4 Be7 19. h3 Nf6 20. Nxf6+ Bxf6 21. c3 b5 22. Qg4 hxg4 0-1

[Event "*** Titled Tuesday Blitz"]
[Site "Chess.com"]
[Date "2020.11.10"]
[Round "4"]
[White "Sven_Tica"]
[Black "Brave_spirit12"]
[Result "1-0"]
[WhiteElo "2696"]
[BlackElo "2495"]
[TimeControl "180+1"]
[EndTime "10:38:30 PST"]
[Termination "Sven_Tica won by resignation"]

1. d4 Nf6 2. c4 c5 3. d5 b5 4.
cxb5 a6 5. e3 axb5 6. Bxb5 Ba6 7. Nc3 g6 8. Nf3 Bg7 9. O-O O-O 10. Re1 d6 11. e4 Bxb5 12. Nxb5 Na6 13. Bd2 Nd7 14. Bc3 f6 15. Nd2 Qb6 16. a4 Ne5 17. f4 Nd3 18. Nc4 Nxb2 19. Nxb6 Nxd1 20. Rexd1 Rab8 21. Nd7 1-0

[Event "*** Titled Tuesday Blitz"]
[Site "Chess.com"]
[Date "2020.11.10"]
[Round "4"]
[White "picturesquecheck"]
[Black "Omk124"]
[Result "0-1"]
[WhiteElo "2110"]
[BlackElo "2395"]
[TimeControl "180+1"]
[EndTime "10:38:30 PST"]
[Termination "Omk124 won by resignation"]

1. e4 g6 2. d4 Bg7 3. Nf3 d6 4. Nc3 c6 5. a4 Nf6 6. Bd3 O-O 7.
O-O Nbd7 8. Re1 e5 9. h3 Re8 10. Be3 Qe7 11. Qd2 Nf8 12. Bg5 Ne6 13. Bxf6 Qxf6 14.
d5 Nf4 15. Nh2 Qg5 16. Ng4 Nxh3+ 0-1

[Event "*** Titled Tuesday Blitz"]
[Site "Chess.com"]
[Date "2020.11.10"]
[Round "4"]
[White "GM_LOADING"]
[Black "Leo_C"]
[Result "1-0"]
[WhiteElo "2466"]
[BlackElo "2299"]
[TimeControl "180+1"]
[EndTime "10:38:31 PST"]
[Termination "GM_LOADING won by resignation"]

1. Nf3 d5 2. g3 Nd7 3. c4 e6 4. Bg2 dxc4 5. O-O a6 6. Qc2 Ngf6 7. Qxc4 b5 8. Qc2 Bb7 9. d4 c5 10. dxc5 Bxc5 11. Nc3 O-O 12. a3 Rc8 13. Bf4 Qb6 14. e3 Rfd8 15. Rad1 h6 16. Rd2 Bxf3 17. Bxf3 e5 18.
Rfd1 exf4 19. gxf4 Be7 20. Qf5 Nf8 21. e4 Rxd2 22.
Rxd2 Bxa3 23. e5 Bxb2 24. Qxc8 Nh7 25. Rxb2 1-0

[Event "*** Titled Tuesday Blitz"]
[Site "Chess.com"]
[Date "2020.11.10"]
[Round "4"]
[White "BegmuratovKh2010"]
[Black "wanyaland"]
[Result "1-0"]
[WhiteElo "2445"]
[BlackElo "2259"]
[TimeControl "180+1"]
[EndTime "10:38:45 PST"]
[Termination "BegmuratovKh2010 won on time"]

1. d4 d5 2. Nf3 c6 3. c4 Nf6 4. cxd5 cxd5 5. Nc3 Nc6 6. g3 Bf5 7. Bg2 e6 8. O-O Be7 9. Ne5 Nxe5 10. dxe5 Nd7 11.
Bf4 O-O 12. e4 dxe4 13. Nxe4 1-0

[Event "*** Titled Tuesday Blitz"]
[Site "Chess.com"]
[Date "2020.11.10"]
[Round "4"]
[White "suyu28"]
[Black "InitiatingASC"]
[Result "1-0"]
[WhiteElo "2632"]
[BlackElo "2394"]
[TimeControl "180+1"]
[EndTime "10:38:50 PST"]
[Termination "suyu28 won by resignation"]

1. e4 c5 2. Nc3 g6 3. d4 cxd4 4. Qxd4 Nf6 5. Bg5 Bg7 6. Nf3 Nc6 7. Qd2 d6 8. Bh6 O-O 9. h4 Qa5 10. h5 Bg4 11. hxg6 fxg6 12. Bc4+ e6 13. Bxg7 Kxg7 14.
Qh6+ Kf7 15. Ng5+ Ke7 16. Qg7+ Ke8 17. Nxh7 Nxh7 18. Rxh7 Qd8 19. Qxg6+ 1-0